 Dungeon Crawl Stone Soup version 0.21-a0-286-g6fcecc0 (webtiles) character file.

2162 tidbits the Skirmisher (level 9, -3/79 HPs)
             Began as a Black Draconian Monk on Sept 27, 2017.
             Was a Believer of Wu Jian.
             Slain by a tengu warrior
             ... wielding a +1 great sword of electrocution
              (12 damage)
             ... on level 8 of the Dungeon.
             The game lasted 00:26:49 (3618 turns).

tidbits the Skirmisher (Black Draconian Monk)       Turns: 3618, Time: 00:26:49

Health: -3/79      AC:  7    Str: 13    XL:     9   Next: 10%
Magic:  15/15      EV: 15    Int: 13    God:    Wu Jian [**....]
Gold:   163        SH:  0    Dex: 13    Spells: 12/14 levels left

rFire    . . .     SeeInvis .     - Unarmed
rCold    . . .     Gourm    .   (no shield)
rNeg     . . .     Faith    .   (armour unavailable)
rPois    .         Spirit   .   (helmet restricted)
rElec    +         Reflect  .   (no cloak)
rCorr    +         Harm     .   (no gloves)
MR       .....                  (no boots)
Stlth    ++........             R - amulet of regeneration
HPRegen  0.63/turn              K - ring of resist corrosion
MPRegen  0.14/turn              (no ring)

@: short of breath
A: breathe lightning, unfitting armour, dopey 1, high mp 1, electricity
resistance, cold-blooded, AC +7
a: Breathe Lightning, Renounce Religion


You were on level 8 of the Dungeon.
You worshipped Wu Jian.
Wu Jian was pleased with you.
You were very hungry.

You visited 2 branches of the dungeon, and saw 9 of its levels.

You collected 411 gold pieces.
You spent 248 gold pieces at shops.

Inventory:

Hand Weapons
 c - a +0 falchion
 d - a +0 long sword
 e - a +0 dagger
 f - a +0 blowgun
 u - a +0 shortbow
Missiles
 a - 32 stones (quivered)
 h - 142 arrows
 A - 17 poisoned needles
Jewellery
 K - a ring of resist corrosion (left hand)
   (You found it on level 6 of the Dungeon)
 R - an amulet of regeneration (around neck)
   (You found it on level 2 of the Dungeon)
Wands
 o - a wand of confusion (8/48)
 p - a wand of disintegration (4/24)
Scrolls
 m - 2 scrolls of teleportation
 r - 3 scrolls of remove curse
 v - 2 scrolls of fog
 w - 2 scrolls of immolation
 x - a scroll of torment {unknown}
 y - a scroll of fear
 z - 2 scrolls of magic mapping
Potions
 j - a potion of haste
 k - a potion of invisibility
 l - a potion of curing
 n - a potion of flight
 s - a potion of cancellation {unknown}
 B - a potion of berserk rage {unknown}
 D - 2 potions of magic
 F - a potion of heal wounds
 G - a potion of resistance {unknown}
Books
 g - a book of Air
   (You found it on level 5 of the Dungeon)

   Spells                             Type                      Level
   a - Shock                          Conjuration/Air              1
   b - Swiftness                      Charms/Air                   2
   c - Static Discharge               Conjuration/Air              3
   d - Airstrike                      Air                          4
   e - Lightning Bolt                 Conjuration/Air              5
 t - a book of Flames
   (You found it on level 6 of the Dungeon)

   Spells                             Type                      Level
   a - Flame Tongue                   Conjuration/Fire             1
   b - Throw Flame                    Conjuration/Fire             2
   c - Conjure Flame                  Conjuration/Fire             3
   d - Inner Flame                    Hexes/Fire                   3
   e - Sticky Flame                   Conjuration/Fire             4
   f - Fireball                       Conjuration/Fire             5
Comestibles
 b - 6 bread rations
 i - 2 fruits
 q - 2 meat rations
 C - 2 chunks of flesh
 E - a royal jelly


   Skills:
 + Level 7.1 Fighting
 - Level 3.0 Long Blades
 + Level 5.4 Dodging
 - Level 3.8 Stealth
 * Level 5.6 Unarmed Combat
 - Level 3.1 Spellcasting
 - Level 3.0 Charms
 - Level 3.9 Air Magic


You had 12 spell levels left.
You knew the following spells:

 Your Spells              Type           Power        Failure   Level  Hunger
W - Swiftness             Chrm/Air       ##......     9%          2    ##.....


Dungeon Overview and Level Annotations

Branches:
Dungeon (8/15)             Temple (1/1) D:4
   Lair: D:8-11

Altars:
Ashenzari
Dithmenos
Elyvilon
Fedhas
Gozag
Kikubaaqudgha
Nemelex Xobeh
Okawaru
Qazlal
Ru
Trog
Uskayaw
Vehumet
Wu Jian
Xom
Yredelemnul
The Shining One

Shops:
D:7 ?   D:8 ?

Annotations:
D:2 1 runed door
D:5 Menkaure
D:8 Joseph


Innate Abilities, Weirdness & Mutations

You can breathe wild blasts of lightning.
Your glossy black scales are hard. (AC +7)
You cannot fit into any form of body armour.
You are resistant to electric shocks. (rElec)
You are cold-blooded and may be slowed by cold attacks.
You are dopey. (Int -2)
You have an increased reservoir of magic. (+10% MP)


Message History

Evoke which item? (* to show all) (? for menu, Esc to quit)
Aiming: Confuse
Press: ? - help, Shift-Dir - straight line, f/p - tengu warrior
Aim: a tengu warrior, wielding a great sword of electrocution and wearing a ring mail (moderately wounded, chance to defeat MR: 28%)
The tengu warrior easily resists.
This wand has 9 charges left.
Evoke which item? (* to show all) (? for menu, Esc to quit)
Aiming: Confuse
Press: ? - help, Shift-Dir - straight line, f/p - tengu warrior
Aim: a tengu warrior, wielding a great sword of electrocution and wearing a ring mail (moderately wounded, chance to defeat MR: 28%)
The tengu warrior appears confused.
This wand has 8 charges left.
You hit the tengu warrior but do no damage.
The tengu warrior is moderately wounded.
The tengu warrior hits you with a great sword of electrocution!
The tengu warrior closely misses you.
The tengu warrior claws you but does no damage.
You spin and attack the tengu warrior repeatedly.
You hit the tengu warrior but do no damage.
The tengu warrior is moderately wounded.
You strike the helpless tengu warrior from behind!
You hit the tengu warrior but do no damage.
You tail-slap the tengu warrior, but do no damage.
The tengu warrior is moderately wounded.
The tengu warrior hits you with a great sword of electrocution!
The tengu warrior pecks you but does no damage.
The tengu warrior claws you but does no damage.
You spin and attack the tengu warrior.
You catch the helpless tengu warrior completely off-guard!
You hit the tengu warrior.
The tengu warrior is moderately wounded.
You spin and attack the tengu warrior.
You hit the tengu warrior.
Your tail-slap misses the tengu warrior.
The tengu warrior is moderately wounded.
You spin and attack the tengu warrior.
You hit the tengu warrior but do no damage.
The tengu warrior is moderately wounded.
The tengu warrior hits you with a great sword of electrocution!
* * * LOW HITPOINT WARNING * * *
The tengu warrior pecks you.
* * * LOW HITPOINT WARNING * * *
The tengu warrior barely misses you.
You spin and attack the tengu warrior.
You hit the tengu warrior but do no damage.
You punch the tengu warrior, but do no damage.
The tengu warrior is moderately wounded.
The tengu warrior seems less confused.
The tengu warrior misses you.
The tengu warrior pecks you but does no damage.
The tengu warrior claws you.
* * * LOW HITPOINT WARNING * * *
You can't do that yet.
You have got your breath back.
Evoke which item? (* to show all) (? for menu, Esc to quit)
Okay, then.
You breathe a wild blast of lightning!
You hear a mighty clap of thunder!
The bolt of lightning misses the tengu warrior. x2
You hear a mighty clap of thunder!
The orb of electricity explodes!
The orb of electricity engulfs you! You resist.
* * * LOW HITPOINT WARNING * * *
The orb of electricity engulfs the tengu warrior.
The tengu warrior is almost dead.
You are feeling very hungry.
The tengu warrior hits you with a great sword of electrocution!
* * * LOW HITPOINT WARNING * * *
The tengu warrior closely misses you.
The tengu warrior claws you but does no damage.
Unknown command.
You spin and attack the tengu warrior.
You miss the tengu warrior.
The tengu warrior is almost dead.
The tengu warrior hits you with a great sword of electrocution.
* * * LOW HITPOINT WARNING * * *
The tengu warrior pecks you.
* * * LOW HITPOINT WARNING * * *
The tengu warrior claws you but does no damage.
You spin and attack the tengu warrior.
You miss the tengu warrior.
The tengu warrior is almost dead.
The tengu warrior hits you with a great sword of electrocution.
* * * LOW HITPOINT WARNING * * *
The tengu warrior pecks you but does no damage.
The tengu warrior completely misses you.
You spin and attack the tengu warrior.
You hit the tengu warrior but do no damage.
The tengu warrior is almost dead.
You spin and attack the tengu warrior.
You miss the tengu warrior.
The tengu warrior is almost dead.
The tengu warrior hits you with a great sword of electrocution.
* * * LOW HITPOINT WARNING * * *
The tengu warrior pecks you but does no damage.
The tengu warrior closely misses you.
You spin and attack the tengu warrior.
You hit the tengu warrior.
The tengu warrior is almost dead.
The tengu warrior barely misses you. x3
Evoke which item? (* to show all) (? for menu, Esc to quit)
Okay, then.
You spin and attack the tengu warrior.
You hit the tengu warrior but do no damage.
Your tail-slap misses the tengu warrior.
The tengu warrior is almost dead.
The tengu warrior hits you with a great sword of electrocution!
You die...

#.## #...).....#
######.#
#..######.#########
#.# #.∩.......# #.#
########### #># #.#
####### #.#
).....#############
#.#
....#.............#
#.##
.##.............@.#
########...
..####.####.#####Q#
#.......### .## #.#
#.#####.#####.#####.#
## #.# #..........#
#.# #.#
#######.##.##.#####)#
#.# #...........))#
#.# ........####..###
#.# ######### #.....
####.....


You could see a tengu warrior.

Vanquished Creatures
  3 yaks (D:7)
  2 ice beasts
  2 sky beasts
  A black bear (D:7)
  A phantom (D:4)
  5 centaurs
  Blork the orc (D:4)
  A scorpion (D:4)
  4 killer bees
  2 crimson imps (D:5)
  A centaur zombie (D:5)
  2 bullfrog skeletons
  An orc priest (D:8)
  2 hounds
  A human skeleton (D:2)
  An iguana (D:6)
  An orc wizard (D:8)
  5 worker ants
  3 adders (D:2)
  A shadow imp (D:6)
  2 adder skeletons
  2 worms
  3 leopard geckos
  9 orcs
  3 giant cockroaches
  3 goblins
  4 hobgoblins
  3 jackals (D:3)
  3 quokkas
  5 bats
  A frilled lizard (D:2)
  A goblin skeleton (D:2)
  3 kobolds (D:2)
  A leopard gecko skeleton (D:7)
  A rat (D:2)
84 creatures vanquished.

Notes
Turn   | Place    | Note
-------+----------+-------------------------------------------
     0 | D:1      | tidbits the Draconian Monk began the quest for the Orb.
     0 | D:1      | Reached XP level 1. HP: 19/19 MP: 1/1
   223 | D:2      | Reached skill level 2 in Stealth
   364 | D:2      | Reached XP level 2. HP: 14/27 MP: 2/2
   433 | D:2      | Reached skill level 3 in Dodging
   497 | D:2      | Reached XP level 3. HP: 29/33 MP: 3/3
   521 | D:2      | Reached skill level 4 in Fighting
   572 | D:2      | Found a runed door.
   572 | D:2      | Noticed a human
   593 | D:2      | HP: 2/33 [human skeleton (3)]
   633 | D:2      | Found a basalt altar of Yredelemnul.
   746 | D:2      | HP: 3/33 [adder (5)]
   748 | D:2      | HP: 1/33 [poisoned by an adder]
   751 | D:2      | Reached XP level 4. HP: 2/40 MP: 4/4
   948 | D:4      | Reached skill level 3 in Stealth
   965 | D:4      | Reached XP level 5. HP: 27/47 MP: 5/5
  1065 | D:4      | Noticed an ogre
  1066 | D:4      | Noticed a phantom
  1084 | D:3      | Reached skill level 5 in Fighting
  1382 | D:4      | Found a bloodstained altar of Trog.
  1386 | D:4      | Noticed Blork the orc
  1406 | D:4      | Killed Blork the orc
  1406 | D:4      | Reached skill level 4 in Dodging
  1406 | D:4      | Reached XP level 6. HP: 52/56 MP: 6/6
  1485 | D:5      | Entered Level 5 of the Dungeon
  1506 | D:5      | Found an iron altar of Okawaru.
  1583 | D:5      | Noticed a sky beast
  1682 | D:5      | Killed a sky beast
  1682 | D:5      | Reached skill level 6 in Fighting
  1698 | D:5      | Your scales start taking on a glossy black colour.
  1698 | D:5      | Reached XP level 7. HP: 61/63 MP: 7/7
  1698 | D:5      | Gained mutation: You are resistant to electric shocks. (rElec) [Black Draconian growth]
  1822 | D:5      | Reached skill level 5 in Dodging
  1848 | D:5      | Noticed Menkaure
  1953 | D:4      | Found a staircase to the Ecumenical Temple.
  1962 | Temple   | Entered the Ecumenical Temple
  2079 | Temple   | Became a worshipper of the Wu Jian Council
  2079 | Temple   | Reached * piety under Wu Jian
  2079 | Temple   | Reached ** piety under Wu Jian
  2288 | D:5      | Reached skill level 1 in Unarmed Combat
  2365 | D:5      | Reached skill level 2 in Unarmed Combat
  2535 | D:5      | Reached skill level 3 in Unarmed Combat
  2535 | D:5      | Reached XP level 8. HP: 36/71 MP: 8/8
  2678 | D:6      | Noticed a dagger
  2679 | D:6      | Noticed a dagger
  2679 | D:6      | Found a hide-covered altar of Uskayaw.
  2755 | D:6      | Reached skill level 4 in Unarmed Combat
  2771 | D:6      | HP: 4/71 [bounced beam (9)]
  2790 | D:6      | Reached skill level 5 in Unarmed Combat
  2966 | D:7      | Found Ziydep's Magic Scroll Shoppe.
  2974 | D:7      | Bought a scroll of fear for 49 gold pieces
  2974 | D:7      | Bought a scroll of fog for 28 gold pieces
  2974 | D:7      | Bought a scroll of magic mapping for 49 gold pieces
  2974 | D:7      | Bought a scroll of identify for 28 gold pieces
  2974 | D:7      | Bought a scroll of identify for 28 gold pieces
  2976 | D:7      | Gained mutation: You are dopey. (Int -2) [potion of mutation]
  2976 | D:7      | Gained mutation: You have an increased reservoir of magic. (+10% MP) [potion of mutation]
  3009 | D:7      | Learned a level 2 spell: Swiftness
  3066 | D:7      | Reached skill level 1 in Air Magic
  3129 | D:8      | Noticed Joseph
  3151 | D:7      | Reached skill level 1 in Spellcasting
  3151 | D:7      | Reached skill level 1 in Charms
  3252 | D:7      | Reached skill level 2 in Air Magic
  3290 | D:7      | Found a blossoming altar of Fedhas.
  3316 | D:7      | Reached skill level 2 in Spellcasting
  3316 | D:7      | Reached skill level 2 in Charms
  3316 | D:7      | Reached skill level 3 in Air Magic
  3318 | D:7      | Reached XP level 9. HP: 66/78 MP: 11/14
  3429 | D:8      | Reached skill level 3 in Spellcasting
  3429 | D:8      | Reached skill level 3 in Charms
  3484 | D:8      | Reached skill level 7 in Fighting
  3542 | D:8      | Found Pacokub's Magic Scroll Shop.
  3550 | D:8      | Bought a scroll of identify for 24 gold pieces
  3550 | D:8      | Bought a scroll of immolation for 42 gold pieces
  3568 | D:8      | Noticed a tengu warrior
  3618 | D:8      | Slain by a tengu warrior

Vault maps used:
D:1:      scummos_arrival_forest
D:2:      first_bread, dk_yredelemnul_ordeal
D:3:      marbit_many_paths, chequers_ecumenical_altar_twisty
D:4:      nicolae_overflow_crystal_walls, minmay_temple_entry_trees,
          minmay_misc_feat_enclosed, uniq_blork_the_orc
D:5:      okawaru_gym_becter, uniq_menkaure
D:6:      dancing_weapons_uskayaw, serial_park_tiny_2
D:7:      basic_altar, serial_shops, shop, minivault_4
D:8:      nicolae_overflow_hidden_temple, minitemple, serial_shops, shop,
          hangedman_pestilent_swarm, uniq_joseph
Temple:   regret_index_temple_generic_petals

Skill      XL: |  1  2  3  4  5  6  7  8  9 |
---------------+----------------------------+-----
Stealth        | 2 3 |  3.8
Dodging        | 3 4 5 |  5.4
Fighting       | 4 5 6 7 |  7.1
Unarmed Combat | 3 5 |  5.6
Air Magic      | 3 |  3.9
Spellcasting   | 2 3 |  3.1
Charms         | 2 3 |  3.0
Long Blades    | |  3.0

Action                   |  1- 3 |  4- 6 |  7- 9 || total
-------------------------+-------+-------+-------++-------
Melee: Falchion          |    94 |   101 |       ||   195
       Tailslap          |    12 |    17 |    37 ||    66
       Long sword        |       |    53 |    95 ||   148
       Punch             |       |       |     9 ||     9
       Unarmed           |       |       |   170 ||   170
Throw: Stone             |     2 |       |       ||     2
 Abil: Breathe Lightning |       |       |     8 ||     8
Evoke: Wand              |       |     7 |    15 ||    22
  Use: Potion            |     1 |     3 |     5 ||     9
       Scroll            |       |     8 |     8 ||    16
 Stab: Sleeping          |     2 |     2 |     3 ||     7
       Confused          |       |       |     6 ||     6
       Distracted        |       |       |     1 ||     1
  Eat: Chunk             |       |     3 |     6 ||     9
       Fruit             |       |       |     2 ||     2
Armor: Skin              |    22 |    36 |    76 ||   134
Dodge: Dodged            |    56 |   117 |   218 ||   391
       Rpst.: Falchion   |    12 |    30 |       ||    42
       Long sword        |       |     5 |    24 ||    29

Table legend:
 A = Spawn XP
 B = Non-spawn XP
 C = Spawn XP percentage of total XP
 D = Spawn monster count
 E = Non-spawn monster count
 F = Spawn count percentage of total count
 G = Total turns spent on level
                    A         B        C        D         E        F      G
               +---------+---------+-------+---------+---------+-------+---------
         Total |       0 |    3089 |   0.0 |       0 |      84 |   0.0 |  3618
               +---------+---------+-------+---------+---------+-------+---------
           D:1 |       0 |       3 |   0.0 |       0 |       2 |   0.0 |   177
           D:2 |       0 |     107 |   0.0 |       0 |      19 |   0.0 |   690
           D:3 |       0 |      62 |   0.0 |       0 |      11 |   0.0 |   351
           D:4 |       0 |     394 |   0.0 |       0 |      10 |   0.0 |   427
           D:5 |       0 |     825 |   0.0 |       0 |      13 |   0.0 |   778
           D:6 |       0 |     455 |   0.0 |       0 |      12 |   0.0 |   336
           D:7 |       0 |    1043 |   0.0 |       0 |      12 |   0.0 |   448
           D:8 |       0 |     200 |   0.0 |       0 |       5 |   0.0 |   257
               +---------+---------+-------+---------+---------+-------+---------

Table legend:
 A = Turns spent in this place as a percentage of turns spent in the entire game.
 B = Non-inter-level travel turns spent in this place as a percentage of non-inter-level travel turns spent in the entire game.
 C = Inter-level travel turns spent in this place as a percentage of turns spent in this place.
 D = Turns resting spent in this place as a percentage of non-inter-level travel turns spent in this place.
 E = Turns spent auto-exploring this place as a percentage of non-inter-level travel turns spent in this place.
 F = Non-inter-level travel turns spent in this place divided by the number of levels of this place that you've seen.
                   A       B       C       D       E      F
               +-------+-------+-------+-------+-------+----------------------
         Total | 100.0 | 100.0 |   7.2 |   0.0 |   0.0 | 373.0
       Dungeon |  95.7 |  97.4 |   5.6 |   0.0 |   0.0 | 408.6
        Temple |   4.3 |   2.6 |  42.9 |   0.0 |   0.0 |  88.0
               +-------+-------+-------+-------+-------+----------------------

Table legend:
 A = Kills in this place as a percentage of kills in entire the game.
 B = Kills by you in this place as a percentage of kills by you in the entire game.
 C = Kills by friends in this place as a percentage of kills by friends in the entire game.
 D = Other kills in this place as a percentage of other kills in the entire game.
 E = Experience gained in this place as a percentage of experience gained in the entire game.
 F = Experience gained in this place divided by the number of levels of this place that you have seen.
                   A       B       C       D       E      F
               +-------+-------+-------+-------+-------+----------------------
         Total | 100.0 | 100.0 |   N/A |   N/A | 100.0 | 343.2
       Dungeon | 100.0 | 100.0 |   N/A |   N/A | 100.0 | 386.1
               +-------+-------+-------+-------+-------+----------------------

Vault maps used:
D:1:      scummos_arrival_forest
D:2:      first_bread, dk_yredelemnul_ordeal
D:3:      marbit_many_paths, chequers_ecumenical_altar_twisty
D:4:      nicolae_overflow_crystal_walls, minmay_temple_entry_trees,
          minmay_misc_feat_enclosed, uniq_blork_the_orc
D:5:      okawaru_gym_becter, uniq_menkaure
D:6:      dancing_weapons_uskayaw, serial_park_tiny_2
D:7:      basic_altar, serial_shops, shop, minivault_4
D:8:      nicolae_overflow_hidden_temple, minitemple, serial_shops, shop,
          hangedman_pestilent_swarm, uniq_joseph
Temple:   regret_index_temple_generic_petals
